 Dungeon Crawl Stone Soup version 0.20.1-1-g8b1a95d (webtiles) character file.

1425 pstr the Conjurer (level 9, 0/47 HPs)
             Began as a Kobold Conjurer on Nov 17, 2017.
             Slain by an ogre
             ... wielding a +0 giant club
              (27 damage)
             ... on level 6 of the Dungeon.
             The game lasted 00:15:45 (6564 turns).

pstr the Conjurer (Kobold Conjurer)                 Turns: 6564, Time: 00:15:45

Health: 0/47       AC:  5    Str:  6    XL:     9   Next: 2%
Magic:  7/18       EV: 13    Int: 19    God:
Gold:   250        SH:  0    Dex: 15    Spells: 17/20 levels left

rFire    . . .     SeeInvis .   F - +0 quarterstaff
rCold    + . .     Gourm    .   (shield currently unavailable)
rNeg     . . .     Faith    .   E - +0 ring mail {rC+}
rPois    .         Spirit   .   (no helmet)
rElec    .         Reflect  .   (no cloak)
rCorr    +         Harm     +   (no gloves)
MR       .....                  (no boots)
Stlth    ++........             l - amulet of harm
Regen    0.2/turn               G - ring of resist corrosion
MPRegen  0.2/turn               (no ring)

@: no status effects
A: carnivore 3
a: no special abilities


You were on level 6 of the Dungeon.
You were completely stuffed.

You visited 1 branch of the dungeon, and saw 6 of its levels.

You collected 250 gold pieces.

Inventory:

Hand Weapons
 F - a +0 quarterstaff (weapon)
Missiles
 e - 214 stones (quivered)
 r - 85 arrows
Armour
 a - a +0 robe
 k - a +0 leather armour
 o - a +0 shield
 y - a +0 ring mail
 E - a +0 ring mail of cold resistance (worn)
Jewellery
 l - an amulet of harm (around neck)
 G - a ring of resist corrosion (left hand)
Wands
 q - a wand of random effects (10/48)
 B - a wand of polymorph (11/24)
 C - a wand of disintegration (13/24)
Scrolls
 g - 6 scrolls of remove curse {unknown}
 j - 4 scrolls of recharging {unknown}
 m - 6 scrolls of identify
 p - a scroll of immolation {unknown}
 s - a scroll of amnesia {unknown}
 v - 3 scrolls of teleportation
 x - a scroll of blinking {unknown}
 z - a scroll of enchant armour {unknown}
 H - a scroll of noise {unknown}
 I - a scroll of magic mapping {unknown}
 K - a scroll of holy word {unknown}
Potions
 d - a potion of flight {unknown}
 f - a potion of agility {unknown}
 h - 3 potions of haste {unknown}
 i - 2 potions of ambrosia {unknown}
 n - 2 potions of curing {unknown}
 t - a potion of degeneration {unknown}
 w - 4 potions of heal wounds {unknown}
 A - a potion of resistance {unknown}
 D - a potion of mutation {unknown}
Books
 b - a book of Conjurations

   Spells                             Type                      Level
   a - Magic Dart                     Conjuration                  1
   b - Searing Ray                    Conjuration                  2
   c - Dazzling Spray                 Conjuration/Hexes            3
   d - Fulminant Prism                Conjuration/Hexes            4
   e - Force Lance                    Conjuration/Translocation    4
   f - Iskenderun's Mystic Blast      Conjuration                  4
Comestibles
 c - a meat ration
 u - 2 royal jellies


   Skills:
 + Level 1.2 Fighting
 + Level 3.3 Armour
 + Level 4.1 Dodging
 + Level 4.6 Stealth
 + Level 6.2 Spellcasting
 + Level 7.4 Conjurations


You had 17 spell levels left.
You knew the following spells:

 Your Spells              Type           Power        Failure   Level  Hunger
a - Magic Dart            Conj           ####         1%          1    None
b - Searing Ray           Conj           ####..       2%          2    None


Dungeon Overview and Level Annotations

Branches:
Dungeon (6/15)
 Temple: D:4-7

Altars:
Ashenzari
Dithmenos
Nemelex Xobeh
Okawaru
Trog

Annotations:
D:6 Dowan, Duvessa


Innate Abilities, Weirdness & Mutations

You are small and have problems with some larger weapons.
You are carnivorous and can eat meat at any time.


Message History

Press: ? - help, Shift-Dir - straight line, f/p - ogre
Aim: an ogre, wielding a giant club (lightly wounded)
The searing ray hits the ogre.
The ogre is moderately wounded. (Press . to maintain the ray.)
The searing ray hits the ogre.
The ogre is heavily wounded.
The searing ray hits the ogre.
The ogre is severely wounded.
The ogre misses you.
Casting: Searing Ray
Confirm with . or Enter, or press ? or * to list all spells.
Aiming: Searing Ray
Press: ? - help, Shift-Dir - straight line, f/p - ogre
Aim: an ogre, wielding a giant club (severely wounded)
The searing ray misses the ogre. (Press . to maintain the ray.)
The ogre hits you with a giant club!!
Ouch! That really hurt!
You die...

#.........[##########..#.###
#..........##.......<.#.....
#.............#########.....
#.....####.############.....
#.....####..................
#...........###########.....
#.....#####.# #.....
#......# #.# #.....
........# #@# ######
#.##.##### #O# #
#.#########.######..
...................#
.................#
#...@.............
..................
.#..?.............
#........%........


You could see an ogre.

Vanquished Creatures
  Sigmund (D:5)
  Menkaure (D:6)
  Edmund (D:6)
  An ogre (D:5)
  The ghost of Frank the Ducker, an amateur OpFi (D:3)
  2 bullfrogs (D:6)
  Blork the orc (D:6)
  A scorpion (D:4)
  3 crimson imps
  2 hounds
  A jelly (D:6)
  2 orc wizards (D:4)
  A centaur skeleton (D:3)
  Ijyb (D:5)
  Natasha (thrice) (D:2)
  3 worker ants
  2 hound skeletons
  3 gnolls (D:4)
  6 adders
  An ooze (D:1)
  An adder zombie (D:6)
  2 worms
  6 leopard geckos
  11 orcs
  3 bats (D:2)
  2 giant cockroaches
  6 goblins
  3 hobgoblins
  7 jackals
  7 kobolds
  3 quokkas
  12 frilled lizards
  3 rats
103 creatures vanquished.

Notes
Turn   | Place    | Note
-------+----------+-------------------------------------------
     0 | D:1      | pstr the Kobold Conjurer began the quest for the Orb.
     0 | D:1      | Reached XP level 1. HP: 10/10 MP: 3/3
   126 | D:1      | Reached XP level 2. HP: 15/15 MP: 3/5
   152 | D:1      | Learned a level 2 spell: Searing Ray
   921 | D:2      | Found a sparkling altar of Nemelex Xobeh.
   921 | D:2      | Noticed Natasha
   926 | D:2      | Noticed a crimson imp
   933 | D:2      | Noticed a crimson imp
   939 | D:2      | Noticed a crimson imp
   980 | D:2      | Killed Natasha
   980 | D:2      | Reached XP level 3. HP: 19/19 MP: 3/6
  1081 | D:2      | Noticed Natasha
  1083 | D:2      | Killed Natasha
  1083 | D:2      | Reached skill level 5 in Conjurations
  1083 | D:2      | Reached XP level 4. HP: 24/24 MP: 3/8
  1139 | D:2      | Found a bloodstained altar of Trog.
  1143 | D:2      | Noticed Natasha
  1161 | D:2      | Found a shattered altar of Ashenzari.
  1169 | D:2      | Killed Natasha
  1311 | D:2      | Reached XP level 5. HP: 28/28 MP: 5/9
  2205 | D:3      | Noticed Frank's ghost (amateur OpFi)
  2369 | D:3      | Killed Frank's ghost
  2369 | D:3      | Reached XP level 6. HP: 22/32 MP: 1/11
  2858 | D:3      | Reached skill level 6 in Conjurations
  3299 | D:3      | Found a shadowy altar of Dithmenos.
  3358 | D:3      | You fall through a shaft for 2 floors!
  3358 | D:5      | Entered Level 5 of the Dungeon
  3692 | D:4      | Reached XP level 7. HP: 35/36 MP: 9/13
  4104 | D:4      | Reached skill level 1 in Armour
  4633 | D:4      | Found an iron altar of Okawaru.
  5104 | D:5      | Reached skill level 5 in Spellcasting
  5161 | D:5      | Noticed Ijyb
  5169 | D:5      | Killed Ijyb
  5169 | D:5      | Reached XP level 8. HP: 42/42 MP: 6/15
  5389 | D:5      | Noticed Sigmund
  5393 | D:5      | Killed Sigmund
  5951 | D:6      | Noticed Duvessa
  5951 | D:6      | Noticed Dowan
  6014 | D:6      | Noticed Blork the orc
  6021 | D:6      | Killed Blork the orc
  6021 | D:6      | Reached skill level 7 in Conjurations
  6120 | D:6      | Noticed Menkaure
  6125 | D:6      | Killed Menkaure
  6466 | D:6      | Noticed Edmund
  6486 | D:6      | Killed Edmund
  6486 | D:6      | Reached skill level 1 in Fighting
  6486 | D:6      | Reached XP level 9. HP: 15/47 MP: 4/18
  6564 | D:6      | Slain by an ogre

Skill      XL: |  1  2  3  4  5  6  7  8 |
---------------+-------------------------+-----
Conjurations   | 5 6 7 |  7.4
Dodging        | 3 4 |  4.1
Spellcasting   | 3 4 5 6 |  6.2
Stealth        | 3 4 |  4.6
Armour         | 1 3 |  3.3
Fighting       | 1 |  1.2

Action                   |  1- 3 |  4- 6 |  7- 9 || total
-------------------------+-------+-------+-------++-------
Melee: Unarmed           |       |       |     1 ||     1
 Cast: Magic Dart        |    35 |    50 |    30 ||   115
       Searing Ray       |     2 |    24 |    37 ||    63
  Use: Scroll            |       |       |     5 ||     5
  Eat: Chunk             |     2 |    15 |    10 ||    27
Armor: Leather armour    |       |     1 |     5 ||     6
       Ring mail         |       |       |     5 ||     5
Dodge: Dodged            |     7 |    29 |    34 ||    70
